 Dungeon Crawl Stone Soup version 0.25.1-2-g60ff931df9 (webtiles) character file.

Game seed: 13544718482372673332

70 Johnny the Digger (level 3, -6/26 HPs)
             Began as a Demigod Earth Elementalist on Oct 25, 2020.
             Mangled by a gnoll
             ... wielding a +0 spear
              (9 damage)
             ... on level 2 of the Dungeon.
             The game lasted 00:00:50 (1745 turns).

Johnny the Digger (Demigod Earth Elementalist)      Turns: 1745, Time: 00:00:51

Health: -6/26      AC:  2    Str: 11    XL:     3   Next: 77%
Magic:  1/9        EV: 12    Int: 21    God:
Gold:   20         SH:  0    Dex: 16    Spells: 6/7 levels left

rFire    . . .     SeeInvis .   g - +5 spear
rCold    . . .     Gourm    .   (no shield)
rNeg     . . .     Faith    .   c - +0 robe
rPois    .         Spirit   .   (no helmet)
rElec    .         Reflect  .   (no cloak)
rCorr    .         Harm     .   (no gloves)
MR       .....                  (no boots)
Stlth    ++........             (no amulet)
HPRegen  0.08/turn              (no ring)
MPRegen  0.11/turn              (no ring)

@: no status effects
A: high mp 1
a: no special abilities


You were on level 2 of the Dungeon.
You were not hungry.

You visited 1 branch of the dungeon, and saw 2 of its levels.

You collected 20 gold pieces.

Inventory:

Hand Weapons
 a - a +0 dagger
 g - a +5 spear (weapon)
Missiles
 b - 17 stones (quivered)
Armour
 c - a +0 robe (worn)
Jewellery
 h - an uncursed ring of flight {unknown}
Scrolls
 e - a scroll of remove curse {unknown}
 f - a scroll of blinking {unknown}
 j - a scroll of random uselessness {unknown}
 k - a scroll of magic mapping {unknown}
Potions
 i - a potion of curing {unknown}
Comestibles
 d - 5 rations


   Skills:
 - Level 1.7 Dodging
 - Level 1.7 Stealth
 + Level 2.5 Spellcasting
   Level 0.8 Transmutations
 * Level 4.0 Earth Magic


You had 6 spell levels left.
You knew the following spells:

 Your Spells              Type           Power        Failure   Level  Hunger
a - Sandblast             Erth           ###...       2%          1    None

Your spell library contained the following spells:

 Spells                   Type           Power        Failure   Level  Hunger
 Passwall                 Tmut/Erth      ##......     8%          2    ##.....
 Stone Arrow              Conj/Erth      ##....       19%         3    ###....
 Petrify                  Tmut/Erth      ##......     45%         4    ####...
 Lee's Rapid Deconstruct  Erth           ###.......   58%         5    ######.


Dungeon Overview and Level Annotations

Branches:
Dungeon (2/15)


Innate Abilities, Weirdness & Mutations

You have an increased reservoir of magic. (+10% MP)


Message History

b - 19 stones
Casting: Sandblast (safe; 2% risk of failure)
Confirm with . or Enter, or press ? or * to list all spells.
Aiming: Sandblast (safe; 2% risk of failure)
Press: ? - help, Shift-Dir - straight line, f - gnoll
Aim: a gnoll, wielding a +0 spear The blast of sand misses the gnoll.
The blast of sand misses the goblin.
b - 18 stones The gnoll hits you from afar with a +0 spear.
* * * LOW HITPOINT WARNING * * *
Casting: Sandblast (safe; 2% risk of failure)
Confirm with . or Enter, or press ? or * to list all spells.
Aiming: Sandblast (safe; 2% risk of failure)
Press: ? - help, Shift-Dir - straight line, f/p - gnoll
Aim: a gnoll, wielding a +0 spear The blast of sand hits the gnoll!
The gnoll is severely wounded.
b - 17 stones The gnoll hits you from afar with a +0 spear!
You die...

### ### #####.###.####
...#.#_#.#...#####
)##.###.####.....#
#########........#
#................#
#........)...รท...#
#........###.########...
'............gg)@.......
#.....###....#######....
#.....# #....#### ####
.....## #...g...# ....#
.....# #...g...# ##....#
.....# #.......# .......
....## #.......##.......
.....# #.......gZ..)....
.....# #.......g........


You could see a gnoll and a goblin.

Vanquished Creatures
  3 gnolls
  An adder (D:2)
  2 dart slugs
  2 leopard geckos (D:1)
  2 ball pythons (D:1)
  A giant cockroach (D:2)
  A goblin (D:2)
  2 hobgoblins
  7 bats
  2 frilled lizards (D:1)
  3 kobolds
  4 rats (D:1)
30 creatures vanquished.

Notes
Turn   | Place    | Note
-------+----------+-------------------------------------------
     0 | D:1      | Johnny the Demigod Earth Elementalist began the quest for
                  | the Orb.
     0 | D:1      | Reached XP level 1. HP: 14/14 MP: 5/5
   371 | D:1      | Reached skill level 3 in Earth Magic
   371 | D:1      | Reached XP level 2. HP: 20/20 MP: 1/7
  1207 | D:1      | Reached XP level 3. HP: 23/26 MP: 9/9
  1498 | D:2      | Found a faded altar of an unknown god.
  1743 | D:2      | Reached skill level 4 in Earth Magic
  1745 | D:2      | Mangled by a gnoll

Illustrated notes

Levels and vault maps discovered:
D:1:      dpeg_arrival_rhombus, layout_loops_corners,
          chequers_serial_rivers_large_b
D:2:      layout_basic, chequers_ecumenical_altar_twisty, fedhas_altar_4

Skill      XL: |  1  2  3 |
---------------+----------+-----
Spellcasting   | 2 |  2.5
Earth Magic    | 3 4 |  4.0
Dodging        | |  1.7
Stealth        | |  1.7
Transmutations | |  0.8

Action                   || total
-------------------------++-------
Melee: Dagger            ||    16
       Unarmed           ||     4
       Spear             ||    42
 Cast: Sandblast         ||    14
 Stab: Sleeping          ||     5
       Distracted        ||     1
  Eat: Chunk             ||     3
Armor: Robe              ||    12
Dodge: Dodged            ||    38
